 Dungeon Crawl Stone Soup version 0.26.1-2-gb8aa6d0cf2 (webtiles) character file.

Game seed: 1581387939448994875

994 DearestLeader the Geomancer (level 8, -6/41 HPs)
             Began as a Gargoyle Earth Elementalist on Mar 8, 2021.
             Was an Initiate of Vehumet.
             Mangled by an orc warrior
             ... wielding a +0 flail
              (21 damage)
             ... on level 7 of the Dungeon.
             The game lasted 00:12:59 (5298 turns).

DearestLeader the Geomancer (GrEE)                  Turns: 5298, Time: 00:13:00

Health: -6/41      AC:  8    Str: 13    XL:     8   Next: 19%
Magic:  5/12       EV: 12    Int: 17    God:    Vehumet [......]
Gold:   218        SH:  5    Dex: 10    Spells: 4/13 levels left

rFire    . . .     SeeInvis .   r - +1 short sword (venom)
rCold    . . .     Faith    .   (no shield)
rNeg     + . .     Spirit   .   c - +0 robe
rPois    ∞         Reflect  +   n - +0 helmet
rElec    +         Harm     .   (no cloak)
rCorr    .         Rampage  .   (no gloves)
Will     .....                  (no boots)
Stlth    ++........             m - amulet of reflection
HPRegen  0.13/turn              (no ring)
MPRegen  0.13/turn              (no ring)

@: no status effects
A: negative energy resistance 1, electricity resistance, unbreathing,
petrification resistance, miasma immunity, AC +5
a: Renounce Religion


You were on level 7 of the Dungeon.
You worshipped Vehumet.
Vehumet was noncommittal.
You visited 1 branch of the dungeon, and saw 7 of its levels.

You collected 218 gold pieces.

Inventory:

Hand Weapons
 o - a +0 whip
 q - a +0 whip
 r - a +1 short sword of venom (weapon)
Missiles
 b - 180 stones
Armour
 c - a +0 robe (worn)
 n - a +0 helmet (worn)
Jewellery
 k - an uncursed amulet of regeneration
 m - an amulet of reflection (around neck)
 w - an uncursed ring of ice
Wands
 s - a wand of digging (4)
Scrolls
 a - a scroll of amnesia {unknown}
 f - a scroll of fear {unknown}
 h - a scroll of random uselessness
 i - 4 scrolls of teleportation
 l - a scroll of blinking {unknown}
 u - a scroll of enchant armour {unknown}
 y - a scroll of noise {unknown}
Potions
 d - 2 potions of ambrosia {unknown}
 e - 3 potions of curing
 g - 2 potions of brilliance {unknown}
 j - 4 potions of attraction
 p - a potion of resistance {unknown}
 t - a potion of flight {unknown}
 v - a potion of berserk rage {unknown}
 x - a potion of heal wounds
 z - a potion of haste {unknown}
 A - 2 potions of invisibility {unknown}


   Skills:
 - Level 1.5 Dodging
 - Level 2.1 Stealth
 + Level 3.2 Spellcasting
 - Level 0.7 Transmutations
 * Level 11.0 Earth Magic


You had 4 spell levels left.
You knew the following spells:

 Your Spells              Type           Power        Failure   Level
a - Sandblast             Erth           80%          1%          1
b - Stone Arrow           Conj/Erth      42%          5%          3
c - Lee's Rapid Deconstr  Erth           20%          5%          5

Your spell library contained the following spells:

 Spells                   Type           Power        Failure   Level
 Passwall                 Tmut/Erth      18%          2%          2
 Petrify                  Tmut/Erth      22%          16%         4


Dungeon Overview and Level Annotations

Branches:
Dungeon (7/15)
 Temple: D:4-7

Altars:
Nemelex Xobeh
Sif Muna
Vehumet
Yredelemnul

Shops:
D:4 :

Annotations:
D:6 Eustachio


Innate Abilities, Weirdness & Mutations

You are resistant to torment.
Your stone body is resilient. (AC +5)
You are immune to poison.
You resist negative energy. (rN+)
You are resistant to electric shocks. (rElec)
You can survive without breathing.
You are immune to petrification.
You are immune to miasma.


Message History

The adder bites you but does no damage.
You barely miss the adder.
The adder is moderately wounded.
The centaur skeleton hits you but does no damage.
You block the adder's attack.
You hit the adder.
The adder is heavily wounded.
The adder closely misses you. You block the orc warrior's attack.
You closely miss the adder.
The adder is heavily wounded.
The adder bites you. The adder barely misses you.
You miss the adder.
The adder is heavily wounded.
You block the orc warrior's attack. The adder bites you but does no damage.
You closely miss the adder.
The adder is heavily wounded.
The adder bites you but does no damage.
The orc warrior hits you with a +0 flail!!
Ouch! That really hurt!
You die...

...........#
..........
........
#...... .....
... #S# #@#
#o# #Z# #.#
#....[......o.
#.............
#.............
#.............
##############


You could see an orc warrior, an adder and a centaur skeleton.

Vanquished Creatures
  A centaur (D:2)
  A bullfrog (D:3)
  3 wights (D:6)
  2 scorpions (D:4)
  3 howler monkeys (D:4)
  A hound (D:6)
  A gnoll shaman (D:4)
  3 orc wizards
  A centaur skeleton (D:4)
  3 worker ants (D:4)
  Robin (D:2)
  A worker ant zombie (D:5)
  5 gnolls (D:4)
  10 adders
  An ufetubus (D:5)
  2 worms (D:3)
  4 dart slugs
  3 leopard geckos
  13 orcs
  6 bats
  5 giant cockroaches
  21 goblins
  5 hobgoblins
  2 quokkas
  A ball python (D:1)
  7 frilled lizards
  A jackal skeleton (D:4)
  5 kobolds
  A leopard gecko skeleton (D:5)
  2 rats
115 creatures vanquished.

Vanquished Creatures (others)
  An ogre (D:6)
  A howler monkey (D:6)
  2 hounds (D:6)
  An orc (D:6)
  A jackal (D:6)
6 creatures vanquished.

Grand Total: 121 creatures vanquished

Notes
Turn   | Place    | Note
-------+----------+-------------------------------------------
     0 | D:1      | DearestLeader the Gargoyle Earth Elementalist began the
                  | quest for the Orb.
     0 | D:1      | Reached XP level 1. HP: 10/10 MP: 3/3
    41 | D:1      | Reached skill level 4 in Earth Magic
   183 | D:1      | Reached XP level 2. HP: 14/15 MP: 3/5
   911 | D:2      | Noticed Robin
  1019 | D:2      | Reached XP level 3. HP: 17/19 MP: 6/6
  1020 | D:2      | Reached skill level 5 in Earth Magic
  1334 | D:2      | Reached XP level 4. HP: 13/24 MP: 5/7
  1379 | D:2      | Killed Robin
  1380 | D:2      | Reached skill level 6 in Earth Magic
  1647 | D:2      | Noticed a centaur
  1673 | D:2      | Killed a centaur
  1674 | D:2      | Reached skill level 7 in Earth Magic
  1674 | D:2      | Reached XP level 5. HP: 13/28 MP: 0/8
  2422 | D:3      | Found a faded altar of an unknown god.
  2704 | D:3      | Learned a level 3 spell: Stone Arrow
  2800 | D:3      | Reached skill level 8 in Earth Magic
  2800 | D:3      | Reached XP level 6. HP: 13/32 MP: 9/9
  3185 | D:4      | Reached skill level 9 in Earth Magic
  3202 | D:4      | Reached XP level 7. HP: 14/36 MP: 7/10
  3451 | D:4      | Learned a level 5 spell: Lee's Rapid Deconstruction
  3535 | D:4      | Reached skill level 10 in Earth Magic
  3832 | D:4      | You fall into a shaft and drop 1 floor!
  3832 | D:5      | Entered Level 5 of the Dungeon
  4277 | D:5      | Found a basalt altar of Yredelemnul.
  4277 | D:5      | Found a shimmering blue altar of Sif Muna.
  4488 | D:4      | Found Cacanw Tidgho's Book Shoppe.
  4649 | D:4      | Found a sparkling altar of Nemelex Xobeh.
  4756 | D:4      | Found a radiant altar of Vehumet.
  4762 | D:4      | Became a worshipper of Vehumet
  4988 | D:6      | Noticed Eustachio
  5173 | D:6      | Reached XP level 8. HP: 35/41 MP: 8/12
  5269 | D:6      | Reached skill level 11 in Earth Magic
  5298 | D:7      | Mangled by an orc warrior

Illustrated notes

Levels and vault maps discovered:
D:1:      ncdulo_watergridlock, layout_basic, kennysheep_flooded_box
D:2:      layout_basic, minmay_circled_x, uniq_robin
D:3:      layout_basic, chequers_ecumenical_altar_twisty, minmay_unequal
D:4:      layout_rooms, kennysheep_little_box, serial_shops, kennysheep_mini,
          st_stairs_12, nemelex_lonely_heart_becter
D:5:      layout_rooms, gammafunk_temple_overflow_wave
D:6:      minmay_clustersquares, layout_basic, xom_confusion_cloud,
          uniq_eustachio
D:7:      layout_basic, lemuel_crystal_altar, minmay_temple_entry_butterflies

Skill      XL: |  1  2  3  4  5  6  7  8 |
---------------+-------------------------+-----
Earth Magic    | 4 5 7 8 9 10 11 | 11.0
Spellcasting   | 3 |  3.2
Dodging        | |  1.5
Stealth        | |  2.1
Transmutations | |  0.7

Action                   |  1- 3 |  4- 6 |  7- 9 || total
-------------------------+-------+-------+-------++-------
Melee: Dagger            |   114 |    25 |       ||   139
       Unarmed           |     4 |       |       ||     4
       Short sword       |       |   115 |   121 ||   236
       Whip              |       |    57 |    32 ||    89
 Cast: Sandblast         |    18 |    20 |    20 ||    58
       Lee's Rapid Decon |       |       |     3 ||     3
  Use: Scroll            |     2 |     1 |     7 ||    10
 Stab: Sleeping          |     2 |     2 |     1 ||     5
Armor: Robe              |    36 |    59 |    55 ||   150
Dodge: Dodged            |    89 |    99 |    90 ||   278
Block: Other             |     5 |    40 |    43 ||    88
       Reflection        |       |     1 |     4 ||     5
